 Dungeon Crawl Stone Soup version 0.25-a0-353-ged6d547 (webtiles) character file.

Game seed: 8498314521765554571, levelgen mode: deterministic

6723 marty411 the Basher (level 10, -7/93 HPs)
             Began as a Minotaur Berserker on Jan 2, 2020.
             Was a High Priest of Trog.
             Mangled by Gastronok (19 damage)
             ... on level 9 of the Dungeon.
             The game lasted 00:37:05 (6737 turns).

marty411 the Basher (Minotaur Berserker)            Turns: 6737, Time: 00:37:06

Health: -7/93      AC: 17    Str: 25    XL:     10   Next: 74%
Magic:  9/9        EV:  9    Int:  4    God:    Trog [*****.]
Gold:   508        SH:  0    Dex: 10    Spells: 9/9 levels left

rFire    + . .     SeeInvis .   s - +5 scythe "Finisher" {speed, eviscerate}
rCold    x . .     Gourm    .   (shield currently unavailable)
rNeg     . . .     Faith    .   o - +0 plate armour
rPois    .         Spirit   .   (helmet restricted)
rElec    .         Reflect  .   t - +0 cloak
rCorr    +         Harm     .   (no gloves)
MR       .....                  x - +0 pair of boots
Stlth    ..........             r - amulet of the acrobat
HPRegen  0.25/turn              g - ring of fire
MPRegen  0.11/turn              B - ring of resist corrosion

@: slowed, very slow
A: retaliatory headbutt, horns 2, blink
a: Blink, Berserk, Trog's Hand, Brothers in Arms, Renounce Religion


You were on level 9 of the Dungeon.
You worshipped Trog.
Trog was extremely pleased with you.
You were not hungry.

You visited 1 branch of the dungeon, and saw 10 of its levels.

You collected 508 gold pieces.

Inventory:

Hand Weapons
 j - a +2 long sword of holy wrath
 k - a +0 demon whip of flaming
 q - a +5 dire flail
 s - the +5 scythe "Finisher" (weapon) {speed, eviscerate}
   (You found it on level 8 of the Dungeon)

   Attacks with this weapon are significantly faster.
 A - the +2 flail "Banisher" {vamp, Str+2}
   (You found it on level 9 of the Dungeon)

   It inflicts no extra harm, but heals its wielder when it wounds a living foe.
   It affects your strength (+2).
Armour
 o - a +0 plate armour (worn)
 t - a +0 cloak (worn)
 x - a +0 pair of boots (worn)
Jewellery
 g - a ring of fire (left hand)
 r - an amulet of the acrobat (around neck)
 B - a ring of resist corrosion (right hand)
Wands
 y - a wand of random effects (33)
 z - a wand of flame (50)
Scrolls
 b - a scroll of amnesia
 f - 11 scrolls of teleportation
 h - 8 scrolls of identify
 i - 3 scrolls of remove curse
 l - 2 scrolls of magic mapping
 p - a scroll of fog
 u - 3 scrolls of fear
 w - a scroll of enchant armour
Potions
 d - 4 potions of lignification
 e - a potion of resistance
 m - a potion of cancellation {unknown}
 n - 6 potions of curing
 v - a potion of berserk rage
Comestibles
 c - 9 rations


   Skills:
 + Level 10.2 Fighting
 + Level 12.2 Maces & Flails
 + Level 3.8 Polearms
 + Level 10.6 Armour
 + Level 5.0 Dodging
 + Level 0.9 Stealth


You had 9 spell levels left.
You didn't know any spells.
Your spell library contained the following spells:

 Spells                   Type           Power        Failure   Level  Hunger
 Confusing Touch          Hex            #.....       99%         1    ##.....
 Confuse                  Hex            #.......     100%        3    ####...
 Gell's Gravitas          Tloc           #.........   100%        3    ####...
 Petrify                  Tmut/Erth      #.......     100%        4    #####..
 Metabolic Englaciation   Hex/Ice        #.........   100%        5    ######.
 Yara's Violent Unravell  Hex/Tmut       #.........   100%        5    ######.


Dungeon Overview and Level Annotations

Branches:
Dungeon (10/15)            Temple (0/1) D:5
   Lair: D:8-11         Orc: D:9-12

Altars:
Cheibriados
Dithmenos
Gozag
Nemelex Xobeh
Okawaru
Qazlal
Ru
Uskayaw
Wu Jian
Xom
Zin

Shops:
D:5 }

Annotations:
D:9 Gastronok


Innate Abilities, Weirdness & Mutations

You reflexively headbutt those who attack you in melee.
You have a pair of horns on your head.
You can translocate small distances at will.


Message History

You slash the ice beast!
You kill the ice beast!
Trog accepts your kill. The bat closely misses you.
Gastronok looks at you while chanting.
You feel yourself slow down.
You slash the bat!
You kill the bat!
The bat's corpse disappears in a puff of smoke!
Gastronok waves his eye-stalks in wide circles.
The air twists around and strikes you!!
* * * LOW HITPOINT WARNING * * *
Gastronok chants a spell, wobbling all the while.
You hit Gastronok.
You headbutt Gastronok, but do no damage.
Gastronok is heavily wounded.
You slice Gastronok!! You headbutt Gastronok!
Gastronok is almost dead.
Gastronok bites you!!
You die...

#...##........# #
##.#.##........#
####..#..#........#
..................#
###.####.?........# # #
#.####..........# ##..
###.#.............#...
.#..#.#####.#######.#
...#.....##..<..@...#.#
...#..........#..w....#
.........#########...##
#............ ...#
.........#### .#...
#.###....# ....... #.#
#....# .. %... #+#
#....# ... ... #......
... ...


You could see Gastronok.

Vanquished Creatures
  A two-headed ogre (D:8)
  An unseen horror (D:8)
  The ghost of silenth the Cudgeler, a novice DgFi (D:5)
  Pikel (D:6)
  Psyche (D:8)
  A troll (D:8)
  Prince Ribbit (D:9)
  A hippogriff (D:9)
  Sigmund (D:4)
  2 wraiths (D:8)
  The ghost of kazza789 the Chopper, an amateur HOFi (D:3)
  2 hungry ghosts
  Menkaure (D:6)
  2 orc warriors
  3 ice beasts
  2 slaves (D:6)
  A black bear (D:8)
  2 phantoms
  A necrophage (D:5)
  A centaur (D:7)
  6 ogres
  4 bullfrogs
  3 scorpions
  5 killer bees
  2 howler monkeys (D:4)
  4 crimson imps
  A hound (D:9)
  A centaur skeleton (D:9)
  An orc priest (D:7)
  2 iguanas
  4 orc wizards
  3 worker ants
  A hound zombie (D:6)
  12 adders
  6 gnolls (D:3)
  3 shadow imps
  4 oozes
  An adder zombie (D:5)
  A dart slug (D:3)
  3 leopard geckos
  23 orcs
  12 giant cockroaches
  10 goblins
  10 hobgoblins
  10 jackals
  2 quokkas
  2 ball pythons
  10 bats
  4 frilled lizards
  A jackal skeleton (D:5)
  7 kobolds
  10 rats
195 creatures vanquished.

Vanquished Creatures (others)
  A bullfrog (D:6)
  A hound skeleton (D:6)
  A leopard gecko (D:6)
  A ball python (D:6)
4 creatures vanquished.

Grand Total: 199 creatures vanquished

Notes
Turn   | Place    | Note
-------+----------+-------------------------------------------
     0 | D:1      | marty411 the Minotaur Berserker began the quest for the
                  | Orb.
     0 | D:1      | Reached XP level 1. HP: 19/19 MP: 0/0
    93 | D:1      | Reached XP level 2. HP: 18/27 MP: 1/1
    95 | D:1      | Reached skill level 4 in Maces & Flails
   134 | D:1      | Found a snail-covered altar of Cheibriados.
   252 | D:2      | Reached XP level 3. HP: 22/33 MP: 2/2
   277 | D:3      | Found a hide-covered altar of Uskayaw.
   279 | D:3      | Reached ** piety under Trog
   386 | D:2      | Found an iron altar of Okawaru.
   386 | D:2      | Found an opulent altar of Gozag.
   878 | D:2      | Found a shimmering altar of Xom.
   880 | D:2      | Found a shadowy altar of Dithmenos.
   880 | D:2      | Found an ornate altar of the Wu Jian Council.
   882 | D:2      | Found an opulent altar of Gozag.
   882 | D:2      | Found an ornate altar of the Wu Jian Council.
   882 | D:2      | Found an iron altar of Okawaru.
  1152 | D:2      | Reached XP level 4. HP: 41/41 MP: 3/3
  1199 | D:3      | Reached skill level 5 in Maces & Flails
  1298 | D:2      | Found a faded altar of an unknown god.
  1519 | D:3      | Reached XP level 5. HP: 8/47 MP: 4/4
  1543 | D:3      | Reached *** piety under Trog
  1712 | D:4      | Noticed a phantom
  2088 | D:3      | Reached skill level 1 in Polearms
  2193 | D:3      | Noticed an ogre
  2195 | D:3      | Noticed an ogre
  2203 | D:3      | Noticed an ogre
  2204 | D:3      | Found a transporter.
  2281 | D:3      | Noticed kazza789's ghost (amateur HOFi)
  2296 | D:3      | Found a transporter.
  2307 | D:3      | Killed an ogre
  2307 | D:3      | Reached skill level 5 in Fighting
  2307 | D:3      | Reached XP level 6. HP: 56/56 MP: 5/5
  2312 | D:3      | Killed kazza789's ghost
  2312 | D:3      | Reached skill level 5 in Armour
  2312 | D:3      | Reached XP level 7. HP: 61/61 MP: 6/6
  2604 | D:4      | Reached skill level 6 in Maces & Flails
  2631 | D:4      | Noticed Sigmund
  2641 | D:4      | Killed Sigmund
  2700 | D:5      | Entered Level 5 of the Dungeon
  2881 | D:4      | You fall into a shaft and drop 2 floors!
  2883 | D:6      | Noticed Pikel
  2897 | D:6      | Killed Pikel
  2897 | D:6      | Reached skill level 7 in Maces & Flails
  2897 | D:6      | Reached XP level 8. HP: 71/71 MP: 7/7
  3074 | D:7      | Reached skill level 8 in Maces & Flails
  3137 | D:6      | Found a stormy altar of Qazlal.
  3148 | D:5      | Reached **** piety under Trog
  3184 | D:5      | Found a staircase to the Ecumenical Temple.
  3711 | D:5      | Reached XP level 9. HP: 45/78 MP: 8/8
  3745 | D:5      | Found Roic's Gadget Boutique.
  3793 | D:5      | Found an ornate altar of the Wu Jian Council.
  3958 | D:5      | Found a runed translucent gate.
  3958 | D:5      | Found a runed translucent gate.
  3960 | D:5      | Found a runed translucent gate.
  3962 | D:5      | Noticed silenth's ghost (novice DgFi)
  3972 | D:5      | Killed silenth's ghost
  3972 | D:5      | Reached skill level 9 in Maces & Flails
  4103 | D:5      | Found a sacrificial altar of Ru.
  4306 | D:6      | Found an iron altar of Okawaru.
  4327 | D:6      | Noticed Menkaure
  4331 | D:6      | Killed Menkaure
  4378 | D:6      | Reached skill level 10 in Maces & Flails
  4431 | D:6      | Gained mutation: You are robust. (+10% HP) [potion of
                  | mutation]
  4431 | D:6      | Lost mutation: You are robust. (+10% HP) [potion of
                  | mutation]
  4431 | D:6      | Gained mutation: You can translocate small distances at
                  | will. [potion of mutation]
  5043 | D:7      | Found a sparkling altar of Nemelex Xobeh.
  5428 | D:8      | Noticed Psyche
  5434 | D:8      | Killed Psyche
  5434 | D:8      | Reached ***** piety under Trog
  5434 | D:8      | Received a gift from Trog
  5434 | D:8      | Reached skill level 11 in Maces & Flails
  5536 | D:9      | Found a shadowy altar of Dithmenos.
  5543 | D:9      | Reached XP level 10. HP: 90/90 MP: 9/9
  5551 | D:9      | Noticed Prince Ribbit
  5561 | D:9      | Killed Prince Ribbit
  5573 | D:10     | Entered Level 10 of the Dungeon
  5978 | D:8      | Found the +5 scythe "Finisher" {speed, eviscerate}
  6151 | D:8      | Killed an unseen horror
  6151 | D:8      | Reached skill level 10 in Armour
  6547 | D:9      | Noticed a two-headed ogre
  6556 | D:8      | Reached skill level 12 in Maces & Flails
  6580 | D:8      | Killed a two-headed ogre
  6580 | D:8      | Reached skill level 10 in Fighting
  6605 | D:8      | Reached skill level 5 in Dodging
  6642 | D:9      | Got an ancient flail
  6643 | D:9      | Identified the +2 flail "Banisher" {vamp, Str+2} (You found
                  | it on level 9 of the Dungeon)
  6688 | D:9      | Found a glowing silver altar of Zin.
  6719 | D:9      | Noticed Gastronok
  6737 | D:9      | Mangled by Gastronok

Levels and vault maps discovered:
D:1:      arrival_zaba_pyramid, layout_basic, cheibriados_altar_1
D:2:      layout_loops_ring, doesnt_xom_only_xom,
          gammafunk_temple_overflow_elements, chequers_ecumenical_altar_island,
          minmay_pentomino_t2
D:3:      layout_basic, lemuel_crystal_altar, gammafunk_ghost_smash
D:4:      layout_rooms, uniq_sigmund
D:5:      layout_loops_ring, lemuel_crystal_altar, lemuel_round_altar,
          minmay_temple_entry_tees, ebering_ghost_rock_garden, serial_shops,
          nicolae_shop_stone, first_ration, grunt_ministairs_8,
          serial_park_tiny_2
D:6:      layout_loops_ring, grunt_qazlal_clouds,
          nicolae_overflow_hidden_temple, okawaru_trees_1, uniq_menkaure,
          uniq_pikel
D:7:      layout_loops_ring, nemelex_xobeh_ov_fountains_minmay
D:8:      layout_gridville, minmay_guarded_unrand_finisher, uniq_psyche
D:9:      layout_rooms, overflow_temple_1_default, kennysheep_little_box,
          lemuel_doored_altar, uniq_gastronok, uniq_prince_ribbit1
D:10:     layout_basic, erik_lair_dragon, gammafunk_ghost_spectres,
          eino_tiny_chamber

Skill      XL: |  1  2  3  4  5  6  7  8  9 10 |
---------------+-------------------------------+-----
Fighting       | 4 5 6 7 8 10 | 10.2
Maces & Flails | 4 5 7 8 11 12 | 12.2
Armour         | 3 4 5 7 8 9 10 | 10.6
Dodging        | 3 4 5 |  5.0
Polearms       | 1 2 3 |  3.8
Stealth        | |  0.9

Action                   |  1- 3 |  4- 6 |  7- 9 | 10-12 || total
-------------------------+-------+-------+-------+-------++-------
Melee: Mace              |    73 |    42 |       |       ||   115
       Headbutt          |     7 |    11 |    42 |    16 ||    76
       Spear             |       |    50 |     2 |       ||    52
       Dire flail        |       |       |   244 |       ||   244
       Demon whip        |       |       |    10 |    45 ||    55
       Scythe            |       |       |       |    41 ||    41
Invok: Berserk           |       |     3 |     3 |     1 ||     7
  Use: Scroll            |     6 |       |     7 |     3 ||    16
       Potion            |     1 |     2 |     4 |     1 ||     8
  Eat: Ration            |       |     2 |     3 |     2 ||     7
       Chunk             |       |       |     4 |       ||     4
Armor: Animal skin       |    16 |       |       |       ||    16
       Scale mail        |       |    54 |    47 |       ||   101
       Plate armour      |       |       |    31 |    73 ||   104
Dodge: Dodged            |    68 |    91 |   119 |    68 ||   346

Table legend:
 A = Non-vault XP
 B = Vault XP
 C = Vault XP percentage of total XP
 D = Non-vault monster count
 E = Vault monster count
 F = Vault count percentage of total count
                 A         B        C        D         E       F
            +---------+---------+-------+---------+---------+-------
      Total |    6198 |    3407 |  35.5 |     178 |      15 |   7.8
            +---------+---------+-------+---------+---------+-------
        D:1 |      48 |       0 |   0.0 |      25 |       0 |   0.0
        D:2 |      69 |       1 |   1.4 |      23 |       1 |   4.2
        D:3 |     258 |     538 |  67.6 |      41 |       4 |   8.9
        D:4 |     409 |     227 |  35.7 |      14 |       1 |   6.7
        D:5 |     423 |     761 |  64.3 |      14 |       3 |  17.6
        D:6 |     535 |     738 |  58.0 |      10 |       2 |  16.7
        D:7 |     886 |       0 |   0.0 |      29 |       0 |   0.0
        D:8 |    2456 |     868 |  26.1 |       9 |       3 |  25.0
        D:9 |     948 |     274 |  22.4 |      11 |       1 |   8.3
       D:10 |     166 |       0 |   0.0 |       2 |       0 |   0.0
            +---------+---------+-------+---------+---------+-------
